 Dungeon Crawl Stone Soup version 0.21-a0-79-g04744e2 (webtiles) character file.

5706 KristoblXynda the Magus (level 10, -11/67 HPs)
             Began as a Demonspawn Gladiator on June 22, 2017.
             Was an Elder of Nemelex Xobeh.
             Mangled by an orc knight
             ... wielding a +0 trident
              (23 damage)
             ... in a bailey.
             The game lasted 00:25:42 (10449 turns).

KristoblXynda the Magus (Demonspawn Gladiator)     Turns: 10449, Time: 00:25:43

Health: -11/67     AC: 18    Str: 23    XL:     10   Next: 48%
Magic:  0/16       EV:  8    Int: 17    God:    Nemelex Xobeh [****..]
Gold:   491        SH:  8    Dex: 12    Spells: 9/9 levels left

rFire    . . .     SeeInvis .   G - +8 broad axe of Duty {flame, rElec Str+4 Int+4 Dex-2}
rCold    + . .     Gourm    .   D - +0 shield
rNeg     + . .     Faith    .   A - +1 chain mail
rPois    .         Spirit   +   (helmet restricted)
rElec    +         Reflect  .   r - scarf {Spirit}
rCorr    .         Harm     .   l - +0 pair of gloves
MR       .....                  M - +1 pair of boots {Stlth+}
Stlth    ..........             c - amulet of magic regeneration
HPRegen  0.21/turn              u - +4 ring of intelligence
MPRegen  0.40/turn              x - ring of positive energy

@: very slightly contaminated
A: horns 2, thin metallic scales 2, cold resistance 1, nightstalker 1, powered
by death 1
a: Triple Draw, Deal Four, Renounce Religion


You were in a bailey.
You worshipped Nemelex Xobeh.
Nemelex Xobeh was greatly pleased with you.
You were not hungry.

You visited 1 branch of the dungeon, and saw 10 of its levels.
You also visited: Bailey.

You collected 666 gold pieces.
You spent 175 gold pieces at shops.

Inventory:

Hand Weapons
 a - a +3 long sword of protection
 G - the +8 broad axe of Duty (weapon) {flame, rElec Str+4 Int+4 Dex-2}
   (You found it on level 9 of the Dungeon)

   It has been specially enchanted to burn those struck by it, causing extra
   injury to most foes and up to half again as much damage against particularly
   susceptible opponents.
   Big, fiery blades are also staple armaments of hydra-hunters.
   It affects your strength (+4).
   It affects your intelligence (+4).
   It affects your dexterity (-2).
   It insulates you from electricity.
Missiles
 d - 3 throwing nets (quivered)
Armour
 l - a +0 pair of gloves (worn)
 r - a scarf of spirit shield (worn)
 A - a +1 chain mail (worn)
 D - a +0 shield (worn)
 M - a +1 pair of boots of stealth (worn)
Jewellery
 c - an amulet of magic regeneration (around neck)
 e - an uncursed ring of flight
 u - a +4 ring of intelligence (left hand)
 x - a ring of positive energy (right hand)
Wands
 s - a wand of digging (11/24)
 y - a wand of iceblast (10/15)
Scrolls
 i - 2 scrolls of teleportation
 n - 5 scrolls of remove curse
 J - a scroll of immolation
Potions
 b - 2 potions of cancellation
 g - 3 potions of might
 h - 2 potions of curing
 k - 3 potions of agility
 q - a potion of ambrosia
 v - a potion of brilliance
 C - 2 potions of invisibility
 K - 3 potions of heal wounds {unknown}
 N - 2 potions of berserk rage
Books
 B - a book of Air

   Spells                             Type                      Level
   a - Shock                          Conjuration/Air              1
   b - Swiftness                      Charms/Air                   2
   c - Static Discharge               Conjuration/Air              3
   d - Airstrike                      Air                          4
   e - Lightning Bolt                 Conjuration/Air              5
Miscellaneous
 t - a crystal ball of energy
 w - an ornate deck of summoning {drawn: 5}
 z - an ornate deck of destruction {drawn: 2}
 F - a plain deck of escape
 H - an ornate deck of escape
 I - an ornate deck of summoning
 L - a plain deck of summoning
Comestibles
 f - 12 bread rations
 j - 3 meat rations
 E - 6 fruits


   Skills:
 - Level 2.0 Fighting
 - Level 7.8 Long Blades
 + Level 4.6 Axes
 - Level 1.7 Throwing
 - Level 7.2 Armour
 - Level 5.3 Dodging
 - Level 0.5 Shields
 - Level 8.8 Invocations
 - Level 4.2 Evocations


You had 9 spell levels left.
You didn't know any spells.

Dungeon Overview and Level Annotations

Branches:
Dungeon (10/15)            Temple (0/1) D:7
   Lair: D:8-11         Orc: D:9-12

Altars:
Fedhas
Gozag
Makhleb
Nemelex Xobeh
Okawaru
Qazlal
Ru
Trog
Yredelemnul

Shops:
D:4 *   D:5 ?   D:9 *


Innate Abilities, Weirdness & Mutations

You have a pair of horns on your head.
You are mostly covered in thin metallic scales. (AC +3)
You are slightly more attuned to the shadows.
You regenerate a little health from kills.
Your flesh is cold resistant. (rC+)


Message History

The elephant barely misses you. You block the elephant's attack.
You hear a shout!
You slash the elephant! You burn the elephant. You headbutt the elephant.
The elephant is heavily wounded.
KristoblXynda's illusion hits the orc knight.
KristoblXynda's illusion burns the orc knight.
The orc knight hits KristoblXynda's illusion with a glaive!!
The elephant tramples you but does no damage.
The elephant trunk-slaps you but does no damage.
The orc knight hits you from afar with a trident!!
* * * LOW HITPOINT WARNING * * *
KristoblXynda's illusion barely misses the orc knight.
You slash the elephant! You burn the elephant. You headbutt the elephant!
The elephant is severely wounded.
You block the elephant's attack. x2
The orc knight hits KristoblXynda's illusion with a glaive!
KristoblXynda's illusion dies!
The orc knight hits you from afar with a trident!!
You die...
Your body glows with a rainbow of weird colours and disappears.

#.).)[..#
##.)...##
##'o'##
#.....#
#.o...#
#..o..#
#..o..#
#..Y..#
##'@'##
##.....##
#.......#
#.)))...#
#)).))..#
#..))...#
#.......#
##.....##
###'###


You could see an elephant, 2 orc knights, an orc warrior and an orc priest
(wandering).

Vanquished Creatures
  A two-headed ogre (D:5)
  A troll (D:9)
  3 hippogriffs
  A spriggan (D:7)
  Menkaure (D:7)
  A water moccasin (D:9)
  Duvessa (D:7)
  6 orc warriors
  An ice beast (D:9)
  A sky beast (D:8)
  A black bear (D:9)
  A phantom (D:8)
  A necrophage (D:8)
  3 ogres
  2 centaurs
  A big kobold (D:10)
  3 bullfrogs (D:9)
  Dowan (D:7)
  2 scorpions (D:4)
  5 killer bees
  2 crimson imps
  4 howler monkeys
  A bullfrog zombie (D:10)
  4 orc priests
  A quasit (D:9)
  Crazy Yiuf (D:4)
  2 hounds
  10 orc wizards
  2 bullfrog skeletons
  7 iguanas
  8 worker ants
  A hound zombie (D:6)
  3 hound skeletons
  2 worker ant zombies
  3 gnolls (D:3)
  17 adders
  2 shadow imps
  An ooze (D:2)
  An adder skeleton (D:4)
  An adder zombie (D:5)
  3 worms
  2 dart slugs
  8 leopard geckos
  59 orcs
  2 ball pythons
  3 giant cockroaches
  13 goblins
  3 hobgoblins
  11 jackals
  3 quokkas
  3 bats
  5 frilled lizards
  12 kobolds
  A leopard gecko zombie (D:5)
  7 rats
245 creatures vanquished.

Vanquished Creatures (collateral kills)
  Eustachio (D:5)
  An orc warrior (Bailey)
  4 orcs (Bailey)
6 creatures vanquished.

Vanquished Creatures (others)
  An orc wizard (D:7)
  4 toadstools (D:1)
5 creatures vanquished.

Grand Total: 256 creatures vanquished

Notes
Turn   | Place    | Note
-------+----------+-------------------------------------------
     0 | D:1      | KristoblXynda the Demonspawn Gladiator began the quest for the Orb.
     0 | D:1      | Reached XP level 1. HP: 16/16 MP: 1/1
   388 | D:1      | Gained mutation: You have a pair of small horns on your head. [demonic ancestry]
   388 | D:1      | Reached XP level 2. HP: 21/22 MP: 2/2
   868 | D:2      | Reached skill level 1 in Armour
   875 | D:2      | Gained mutation: You have a pair of horns on your head. [demonic ancestry]
   875 | D:2      | Reached XP level 3. HP: 20/27 MP: 3/3
  1316 | D:2      | Found a burning altar of Makhleb.
  1902 | D:3      | Gained mutation: You are slightly more attuned to the shadows. [demonic ancestry]
  1902 | D:3      | Reached XP level 4. HP: 30/33 MP: 4/4
  1950 | D:3      | Found a stormy altar of Qazlal.
  2382 | D:3      | Gained mutation: You regenerate a little health from kills. [demonic ancestry]
  2382 | D:3      | Reached XP level 5. HP: 10/38 MP: 5/5
  2786 | D:3      | Found a basalt altar of Yredelemnul.
  3247 | D:4      | Noticed an ogre
  3264 | D:4      | Killed an ogre
  3264 | D:4      | Gained mutation: You are partially covered in thin metallic scales. (AC +2) [demonic ancestry]
  3264 | D:4      | Reached XP level 6. HP: 19/44 MP: 6/6
  3765 | D:4      | Reached XP level 7. HP: 19/50 MP: 7/7
  4441 | D:4      | Found Icoodeps's General Store.
  4487 | D:4      | Reached skill level 5 in Dodging
  4531 | D:4      | Found a runed door.
  4730 | D:4      | Reached skill level 5 in Long Blades
  4892 | D:4      | Noticed Crazy Yiuf
  4899 | D:4      | Killed Crazy Yiuf
  5088 | D:5      | Entered Level 5 of the Dungeon
  5150 | D:5      | Found an iron altar of Okawaru.
  5150 | D:5      | Found a sparkling altar of Nemelex Xobeh.
  5153 | D:5      | Found a bloodstained altar of Trog.
  5157 | D:5      | Became a worshipper of Nemelex Xobeh the Trickster
  5234 | D:5      | Found Taed's Magic Scroll Shoppe.
  5239 | D:5      | Received a gift from Nemelex Xobeh
  5310 | D:5      | Reached skill level 1 in Invocations
  5412 | D:5      | Reached skill level 2 in Invocations
  5469 | D:5      | Found an opulent altar of Gozag.
  5469 | D:5      | Found a stormy altar of Qazlal.
  5490 | D:5      | Noticed Eustachio
  5506 | D:5      | Killed Eustachio
  5506 | D:5      | Gained mutation: You are mostly covered in thin metallic scales. (AC +3) [demonic ancestry]
  5506 | D:5      | Reached XP level 8. HP: 20/56 MP: 8/10
  5742 | D:5      | Noticed a two-headed ogre
  5755 | D:5      | Killed a two-headed ogre
  5755 | D:5      | Reached skill level 5 in Armour
  5755 | D:5      | Reached skill level 5 in Invocations
  6424 | D:6      | Reached * piety under Nemelex Xobeh
  6686 | D:6      | Reached XP level 9. HP: 57/61 MP: 13/13
  6738 | D:7      | Noticed Menkaure
  6746 | D:7      | Killed Menkaure
  6746 | D:7      | Reached skill level 6 in Invocations
  6780 | D:7      | Reached skill level 1 in Evocations
  6906 | D:7      | Found a staircase to the Ecumenical Temple.
  7011 | D:7      | Reached skill level 7 in Invocations
  7037 | D:7      | Noticed Duvessa
  7040 | D:7      | Noticed Dowan
  7055 | D:7      | Killed Duvessa
  7057 | D:7      | Killed Dowan
  7364 | D:7      | Found a blossoming altar of Fedhas.
  7428 | D:7      | Received a gift from Nemelex Xobeh
  7499 | D:8      | Gained mutation: Your flesh is cold resistant. (rC+) [mutagenic meat]
  7590 | D:8      | Reached ** piety under Nemelex Xobeh
  7730 | D:8      | Reached skill level 8 in Invocations
  7740 | D:8      | Found a sacrificial altar of Ru.
  7884 | D:8      | Found an opulent altar of Gozag.
  8222 | D:9      | Received a gift from Nemelex Xobeh
  8294 | D:9      | Reached XP level 10. HP: 47/66 MP: 16/16
  8599 | D:9      | Found Zaohaq's General Store.
  8618 | D:9      | Bought a scarf of spirit shield for 117 gold pieces
  8618 | D:9      | Bought a +0 shield for 58 gold pieces
  8726 | D:9      | Got a blackened broad axe
  8727 | D:9      | Identified the +8 broad axe of Duty {flame, rElec Str+4 Int+4 Dex-2} (You found it on level 9 of the Dungeon)
  8737 | D:9      | Received a gift from Nemelex Xobeh
  8791 | D:9      | Reached *** piety under Nemelex Xobeh
  8821 | D:9      | Reached skill level 1 in Axes
  9483 | D:10     | Entered Level 10 of the Dungeon
  9843 | D:10     | Received a gift from Nemelex Xobeh
  9879 | D:10     | Reached **** piety under Nemelex Xobeh
  9942 | D:10     | Received a gift from Nemelex Xobeh
  9955 | D:10     | Found a flagged portal.
  9968 | Bailey   | Entered a bailey
 10280 | Bailey   | Identified a scroll of acquirement
 10424 | Bailey   | Noticed an orc knight
 10424 | Bailey   | Noticed an orc knight
 10428 | Bailey   | Noticed an orc knight
 10440 | Bailey   | Noticed an elephant
 10440 | Bailey   | an orc knight changed into an elephant
 10449 | Bailey   | Mangled by an orc knight

Vault maps used:
D:1:      ldierk_walled_garden_2, minmay_misc_feat_more_columns,
          roderic_hopi_sauvastika
D:2:      lemuel_doored_altar, first_bread, kennysheep_generic_room_2
D:3:      lemuel_round_altar, serial_bayou, serial_bayou_shore_a,
          serial_bayou_pond_a, serial_bayou_ford_a, serial_bayou_shore_b,
          nicolae_qazlal_general_emergency
D:4:      serial_shops, nicolae_shop_trees, minmay_quantized,
          uniq_crazy_yiuf_cottage
D:5:      chequers_temple_overflow_statue_of_worship, minitemple, serial_shops,
          shop_statue, uniq_eustachio
D:7:      minmay_temple_entry_statues_pillars, the_bakery,
          fedhas_altar_fruit_tree, uniq_menkaure, uniq_duvessa
D:8:      basic_altar, grunt_gozag_statues
D:9:      serial_shops, shop
D:10:     enter_bailey_3
Bailey:   bailey_polearm_5, bailey

Skill      XL: |  1  2  3  4  5  6  7  8  9 10 |
---------------+-------------------------------+-----
Dodging        | 3 4 5 |  5.3
Armour         | 1 2 3 4 6 7 |  7.2
Long Blades    | 3 4 5 6 7 |  7.8
Invocations    | 2 5 8 |  8.8
Evocations     | 3 4 |  4.2
Axes           | 4 |  4.6
Fighting       | |  2.0
Throwing       | |  1.7
Shields        | |  0.5

Action                   |  1- 3 |  4- 6 |  7- 9 | 10-12 || total
-------------------------+-------+-------+-------+-------++-------
Melee: Long sword        |    96 |   125 |   324 |    42 ||   587
       Headbutt          |    18 |    33 |    83 |    30 ||   164
       Broad axe         |       |       |       |    97 ||    97
Evoke: Deck              |       |       |     1 |     6 ||     7
       Wand              |       |       |     1 |       ||     1
  Use: Scroll            |       |     4 |    16 |     7 ||    27
       Potion            |       |       |     1 |     1 ||     2
 Stab: Sleeping          |       |     7 |     7 |       ||    14
  Eat: Chunk             |     3 |     2 |     7 |     4 ||    16
       Bread ration      |       |     1 |       |       ||     1
       Royal jelly       |       |       |     2 |     1 ||     3
       Meat ration       |       |       |     1 |       ||     1
       Fruit             |       |       |       |     1 ||     1
Armor: Leather armour    |    30 |    35 |    56 |       ||   121
       Chain mail        |       |       |    76 |   147 ||   223
Dodge: Dodged            |    89 |    92 |   219 |   108 ||   508
Block: Shield            |       |       |       |   106 ||   106
       Rpst.: Long sword |    30 |    38 |    65 |     7 ||   140
